 Dungeon Crawl Stone Soup version 0.29-a0-409-gd843f3a48c (webtiles) character file.

Game seed: 457233946312378448

5327 pokeman the Thaumaturge (level 10, -1/55 (56) HPs)
             Began as a Deep Elf Hedge Wizard on May 14, 2022.
             Was a Follower of Vehumet.
             Slain by a wight
             ... wielding a +5 halberd of freezing
              (15 damage)
             ... on level 8 of the Dungeon.
             The game lasted 00:29:13 (11457 turns).

pokeman the Thaumaturge (Deep Elf Hedge Wizard)    Turns: 11457, Time: 00:29:13

HP:   -1/55 (56)    AC:  4    Str:  7    XL:     10   Next: 38%
MP:   23/29         EV: 12    Int: 24    God:    Vehumet [*.....]
Gold: 574           SH:  5    Dex: 14    Spells: 24/35 levels left

rFire   . . .      SeeInvis .   s - +2 spear (venom)
rCold   . . .      Faith    .   (no shield)
rNeg    + . .      Spirit   .   q - +0 leather armour
rPois   .          Reflect  +   c - +0 hat
rElec   .          Harm     .   (no cloak)
rCorr   .          Rampage  .   G - +0 pair of gloves
Will    +....                   (no boots)
Stlth   ++........              k - amulet of reflection
HPRegen 0.18/turn               w - ring of positive energy
MPRegen 0.21/turn               (no ring)

@: lightly drained
A: no striking features
a: Renounce Religion


You were on level 8 of the Dungeon.
You worshipped Vehumet.
Vehumet was aware of your devotion.
You visited 2 branches of the dungeon, and saw 9 of its levels.
You also visited: Bailey.

You collected 574 gold pieces.

Inventory:

Hand Weapons
 g - a +0 dagger of electrocution
 h - a +0 arbalest
 s - a +2 spear of venom (weapon)
Missiles
 r - 9 throwing nets
Armour
 a - the +7 kite shield "Isanoeha" {Will++ Stlth+}
   (You found it on level 8 of the Dungeon)

   Will:      It greatly increases your willpower.
   Stlth:     It makes you more stealthy.
 c - a +0 hat (worn)
 q - a +0 leather armour (worn)
 G - a +0 pair of gloves (worn)
 I - the +9 plate armour of Words of Power {Harm rPois}
   (You took it off a gnoll shaman in a bailey)

   rPois:     It protects you from poison.
   Harm:      It increases damage dealt and taken.
Magical Staves
 p - a staff of earth
 J - a staff of air
Jewellery
 k - an amulet of reflection (around neck)
 w - a ring of positive energy (left hand)
 F - an amulet of guardian spirit
Wands
 y - a wand of paralysis (7)
 B - a wand of digging (4)
 C - a wand of mindburst (21)
Scrolls
 b - a scroll of amnesia
 i - 2 scrolls of poison
 l - 2 scrolls of summoning
 o - a scroll of enchant armour
 t - a scroll of vulnerability
 u - a scroll of blinking {unknown}
 v - 4 scrolls of teleportation {unknown}
 A - a scroll of silence {unknown}
 E - a scroll of torment {unknown}
 H - a scroll of magic mapping {unknown}
Potions
 d - a potion of magic
 e - a potion of might {unknown}
 f - 3 potions of curing
 j - 2 potions of brilliance {unknown}
 m - a potion of mutation {unknown}
 n - 3 potions of haste
 x - a potion of resistance {unknown}
 z - a potion of heal wounds {unknown}
 D - a potion of berserk rage {unknown}


   Skills:
 - Level 3.0 Fighting
 - Level 4.0 Armour
 - Level 3.2 Dodging
 - Level 3.0 Stealth
 + Level 0.8 Shields
 * Level 13.4 Spellcasting
 + Level 7.6 Conjurations
 - Level 1.1 Summonings
 - Level 1.1 Translocations
 + Level 6.8 Fire Magic
 - Level 1.0 Air Magic
 - Level 1.0 Earth Magic
 - Level 1.0 Poison Magic
 - Level 1.0 Evocations


You had 24 spell levels left.
You knew the following spells:

 Your Spells              Type           Power      Damage    Failure   Level
a - Magic Dart            Conj           100%       1d8       1%          1
b - Mephitic Cloud        Conj/Pois/Air  31%        N/A       4%          3
c - Call Imp              Summ           21%        N/A       5%          2
d - Blink                 Tloc           42%        N/A       5%          2
e - Conjure Flame         Conj/Fire      50%        6-21      1%          3

Your spell library contained the following spells:

 Spells                   Type           Power      Damage    Failure   Level
 Sandblast                Erth           40%        2d10      3%          1
 Slow                     Hex            64%        N/A       5%          1
 Lesser Beckoning         Tloc           21%        N/A       11%         3
 Manifold Assault         Tloc           21%        N/A       67%         5


Dungeon Overview and Level Annotations

Branches:
Dungeon (8/15)             Temple (1/1) D:4          Bailey (visited)
   Lair: D:8-11

Altars:
Ashenzari
Dithmenos
Elyvilon
Gozag
Hepliaklqana
Kikubaaqudgha
Nemelex Xobeh
Ru
Sif Muna
Trog
Uskayaw
Vehumet
Wu Jian
Xom
Yredelemnul
Zin


Message History

The wight is lightly damaged.
The wight hits you from afar with a +5 halberd of freezing.
You partially resist.
You feel drained. The wight freezes you.
Your white imp hits the wight but does no damage.
Casting: Magic Dart (safe; 1% risk of failure)
Confirm with . or Enter, or press ? or * to list all spells.
Aiming: Magic Dart (safe; 1% risk of failure)
Press: ? - help, Shift-Dir - straight line, f/p - wight
Aim: a wight, wielding a +5 halberd of freezing and wearing a +0 robe (lightly damaged, ally target, 100% to hit)
The magic dart hits the wight.
The wight is moderately damaged.
The wight barely misses you.
Your white imp gestures at the wight.
The puff of frost hits the wight.
The wight resists.
Casting: Magic Dart (safe; 1% risk of failure)
Confirm with . or Enter, or press ? or * to list all spells.
Aiming: Magic Dart (safe; 1% risk of failure)
Press: ? - help, Shift-Dir - straight line, f/p - wight
Aim: a wight, wielding a +5 halberd of freezing and wearing a +0 robe (moderately damaged, not watching you, ally target, 100% to hit)
The magic dart hits the wight.
The wight is heavily damaged.
The wight closely misses you.
Your white imp gestures at the wight.
The puff of frost hits the wight.
The wight completely resists.
The wight hits your white imp with a +5 halberd of freezing!
Your white imp dies!
Your white imp disappears in a puff of smoke!
There is an empty arch of ancient stone here.
Things that are here:
a +0 spear; a goblin skeleton You hit the wight but do no damage.
You punch the wight.
The wight is severely damaged.
The wight hits you with a +5 halberd of freezing!
The wight freezes you.
* * * LOW HITPOINT WARNING * * *
Unknown command.
You barely miss the wight.
The wight is severely damaged.
The wight hits you with a +5 halberd of freezing!
You die...

########## #........#
........#
≈≈≈≈≈≈..#######
#####≈$...o...#
#...#≈.####...###
#)@.#o..# #.....### #.
#.z)#≈.># ##.##....
##.≈##.##≈..# #.######
#..≈≈≈≈≈z≈..# ....#...
#...........# .........
#.#.###....$...........
#......................
#######................
###..#...........


You could see a wight.

Vanquished Creatures
  2 two-headed ogres
  A wyvern (D:7)
  5 yaks
  2 sky beasts
  3 black bears
  An ice beast (D:5)
  An ogre (D:3)
  4 wolves (Bailey)
  A centaur (D:5)
  A wyvern zombie (D:8)
  9 gnoll sergeants
  2 bullfrogs
  2 scorpions
  5 killer bees (D:6)
  7 hounds
  2 orc priests
  7 gnoll shamans
  Jessica (D:2)
  Terence (D:2)
  3 iguanas
  8 orc wizards
  26 gnolls
  3 adders
  2 shadow imps (D:6)
  An ufetubus (D:6)
  2 worms
  4 dart slugs
  13 orcs
  5 ball pythons
  8 bats
  9 endoplasms
  A giant cockroach (D:2)
  8 hobgoblins
  3 jackals (D:1)
  4 quokkas
  A frilled lizard (D:3)
  11 goblins
  2 kobolds
  11 rats
  A toadstool (D:4)
183 creatures vanquished.

Vanquished Creatures (collateral kills)
  2 gnolls (D:4)
  An adder (D:5)
  An orc (D:5)
4 creatures vanquished.

Vanquished Creatures (others)
  8 fungi
  4 plants (D:8)
  3 toadstools (D:4)
  A withered plant (D:8)
16 creatures vanquished.

Grand Total: 203 creatures vanquished

Notes
Turn   | Place    | Note
-------+----------+-------------------------------------------
     0 | D:1      | pokeman the Deep Elf Hedge Wizard began the quest for the
                  | Orb.
     0 | D:1      | Reached XP level 1. HP: 10/10 MP: 7/7
   383 | D:1      | Reached XP level 2. HP: 16/16 MP: 2/9
   768 | D:1      | Reached skill level 5 in Spellcasting
  1043 | D:1      | Reached XP level 3. HP: 17/20 MP: 11/11
  1047 | D:1      | Learned a level 3 spell: Mephitic Cloud
  1050 | D:1      | Learned a level 2 spell: Call Imp
  1053 | D:1      | Learned a level 2 spell: Blink
  1057 | D:1      | Learned a level 3 spell: Conjure Flame
  1782 | D:2      | Reached skill level 1 in Fighting
  1797 | D:2      | Noticed Jessica
  1811 | D:2      | Killed Jessica
  1812 | D:2      | Reached skill level 1 in Armour
  1812 | D:2      | Reached XP level 4. HP: 5/25 MP: 0/13
  2152 | D:2      | Noticed Terence
  2233 | D:2      | Killed Terence
  2475 | D:2      | Found a faded altar of an unknown god.
  2855 | D:3      | Reached skill level 6 in Spellcasting
  2938 | D:3      | Reached skill level 1 in Fire Magic
  3044 | D:3      | Reached XP level 5. HP: 29/29 MP: 12/15
  3604 | D:3      | Noticed an ogre
  3613 | D:3      | Killed an ogre
  4164 | D:4      | Found a staircase to the Ecumenical Temple.
  4169 | Temple   | Entered the Ecumenical Temple
  4369 | D:4      | Reached XP level 6. HP: 33/34 MP: 10/17
  4758 | D:4      | Reached skill level 7 in Spellcasting
  4936 | D:4      | Found a glowing silver altar of Zin.
  5039 | D:4      | Reached skill level 1 in Air Magic
  5074 | D:4      | Found a shadowy altar of Dithmenos.
  5331 | D:5      | Entered Level 5 of the Dungeon
  5339 | D:5      | Reached skill level 1 in Evocations
  5454 | D:5      | Reached XP level 7. HP: 28/38 MP: 4/20
  5568 | D:5      | Reached skill level 1 in Earth Magic
  5588 | D:5      | HP: 1/38 [poisoned by a scorpion]
  5599 | D:5      | Reached skill level 1 in Poison Magic
  5879 | D:5      | Noticed a two-headed ogre
  5960 | D:5      | HP: 1/38 [centaur/arrow (6)]
  6284 | D:5      | Reached skill level 8 in Spellcasting
  6532 | D:5      | Killed a two-headed ogre
  6533 | D:5      | Reached skill level 9 in Spellcasting
  6533 | D:5      | Reached skill level 5 in Conjurations
  6533 | D:5      | Reached XP level 8. HP: 15/45 MP: 1/23
  6802 | D:5      | Found a basalt altar of Yredelemnul.
  7242 | D:5      | Found a shimmering altar of Xom.
  7419 | D:6      | Reached skill level 10 in Spellcasting
  7592 | D:6      | Reached XP level 9. HP: 48/50 MP: 19/25
  7697 | D:6      | Reached skill level 11 in Spellcasting
  7734 | D:6      | Reached skill level 5 in Fire Magic
  8713 | D:7      | Noticed a two-headed ogre
  8743 | D:7      | Killed a two-headed ogre
  8744 | D:7      | Reached skill level 12 in Spellcasting
  9061 | D:7      | Found a sacrificial altar of Ru.
  9364 | D:7      | Found a sparkling altar of Nemelex Xobeh.
 10057 | D:8      | Identified the +7 kite shield "Isanoeha" {Will++ Stlth+}
 10090 | D:8      | Found a radiant altar of Vehumet.
 10098 | D:8      | Became a worshipper of Vehumet
 10133 | D:8      | Reached XP level 10. HP: 49/56 MP: 19/28
 10208 | D:8      | Found a flagged portal.
 10216 | Bailey   | Entered a bailey
 10538 | Bailey   | Reached skill level 13 in Spellcasting
 10678 | Bailey   | Reached * piety under Vehumet
 10678 | Bailey   | Offered knowledge of Sandblast by Vehumet.
 10858 | Bailey   | Identified the +9 plate armour of Words of Power {Harm
                  | rPois}
 11457 | D:8      | Slain by a wight

Illustrated notes

Levels and vault maps discovered:
D:1:      saegor_arrival_simple_a, layout_loops_ring, minmay_heptomino_d4
D:2:      layout_loops_ring, shapermc_ecumenical_altar_acropolis, uniq_jessica,
          uniq_terence
D:3:      layout_loops_ring, chequers_serial_rivers_marsh
D:4:      layout_loops_ring, lemuel_doored_altar, mainiacjoe_overflow_alcove_2,
          minmay_temple_entry_wispy, minmay_gold_behind_fungi,
          hangedman_decor_riveting, dreamdust_princess_bridge
D:5:      layout_cave_pools, mainiacjoe_overflow_24_doors,
          mainiacjoe_overflow_boulevard, serial_park, serial_park_gazebo
          [serial_park_minivault_5x5_7], serial_park_tiny_pond,
          serial_park_tiny_1, minmay_misc_feat_ornament
D:6:      layout_loops_ring
D:7:      layout_rooms, nicolae_ru_awakened_eye, nemelex_spade_bored_becter,
          serial_co_window_serial, co_window_corner_a, co_window_corner_a,
          co_window_paths_a, co_window_of_opportunity_a, co_window_paths_b,
          co_window_paths_a, co_window_paths_b, co_window_corner_b,
          co_window_corner_cb, co_window_broadway_c, co_window_corner_cb,
          co_window_unsneaky_path_d, co_window_unsneaky_path_e, glass_columns_b,
          glass_columns_b, glass_columns_c, glass_columns_a
D:8:      layout_rooms, mainiacjoe_overflow_small_starburst,
          mainiacjoe_overflow_divided_tiny, grunt_lair_entry_orc_guard_hut,
          serial_undead, serial_undead_b, serial_undead_a, serial_undead_b,
          serial_undead_c, enter_bailey_3, hangedman_decor_peaks_small
Temple:   chequers_temple_sunken

Skill      XL: |  1  2  3  4  5  6  7  8  9 10 |
---------------+-------------------------------+-----
Spellcasting   | 5 6 7 9 10 12 13 | 13.4
Fighting       | 1 2 3 |  3.0
Armour         | 1 3 4 |  4.0
Conjurations   | 2 3 5 7 |  7.6
Fire Magic     | 1 2 3 4 6 |  6.8
Dodging        | 3 |  3.2
Stealth        | 3 |  3.0
Air Magic      | 1 |  1.0
Evocations     | 1 |  1.0
Earth Magic    | 1 |  1.0
Poison Magic   | 1 |  1.0
Shields        | |  0.8
Summonings     | |  1.1
Translocations | |  1.1

Action                   |  1- 3 |  4- 6 |  7- 9 | 10-12 || total
-------------------------+-------+-------+-------+-------++-------
Melee: Dagger            |    20 |    25 |    51 |    26 ||   122
       Spear             |       |       |       |    11 ||    11
       Punch             |       |       |       |     1 ||     1
 Fire: Arbalest          |       |       |     3 |     4 ||     7
 Cast: Magic Dart        |    97 |   123 |   118 |    20 ||   358
       Conjure Flame     |       |     6 |    21 |    10 ||    37
       Mephitic Cloud    |       |    10 |    28 |    32 ||    70
       Call Imp          |       |     1 |     8 |     2 ||    11
       Blink             |       |       |     1 |     1 ||     2
  Use: Potion            |       |       |     2 |       ||     2
       Scroll            |       |       |     6 |       ||     6
 Stab: Sleeping          |       |     2 |     1 |       ||     3
       Confused          |       |     2 |     9 |     4 ||    15
Armor: Robe              |     4 |     2 |       |       ||     6
       Leather armour    |       |     1 |    11 |     7 ||    19
Dodge: Dodged            |    20 |    20 |    45 |    21 ||   106
Block: Other             |       |     1 |    13 |    14 ||    28
       Reflection        |       |       |     2 |     2 ||     4

Table legend: (Time is in decaauts)
 A = Elapsed time spent in this place.
 B = Non-inter-level travel time spent in this place.
 C = Inter-level travel time spent in this place.
 D = Time resting spent in this place.
 E = Time spent auto-exploring this place.
 F = Levels seen in this place.
 G = Mean time per level.
                   A        B        C        D        E       F      G
               +--------+--------+--------+--------+--------+-----+--------+
         Total |  11499 |  11119 |    380 |   1544 |   7858 |  10 | 1149.9 |
       Dungeon |  10046 |   9671 |    375 |    913 |   7424 |   8 | 1255.8 |
        Temple |    220 |    215 |      5 |      0 |    207 |   1 |  220.0 |
        Bailey |   1232 |   1232 |      0 |    631 |    227 |   1 | 1232.0 |
               +--------+--------+--------+--------+--------+-----+--------+

Top non-repeatable levels by time:
     D:4: 2258 daAuts
     D:1: 1743 daAuts
     D:7: 1659 daAuts
  Bailey: 1232 daAuts
     D:5: 1111 daAuts
     D:2: 1083 daAuts
     D:6: 996 daAuts
     D:3: 976 daAuts
  Temple: 220 daAuts
     D:8: 216 daAuts
